 Dungeon Crawl Stone Soup version 0.24-a0-654-g80d7c3d (webtiles) character file.

Game seed: 14835285669771191055, levelgen mode: deterministic

217 Bapo the Digger (level 5, -1/32 HPs)
             Began as an Octopode Earth Elementalist on Sept 27, 2019.
             Slain by an adder (2 damage)
             ... on level 5 of the Dungeon.
             The game lasted 00:05:35 (3849 turns).

Bapo the Digger (Octopode Earth Elementalist)       Turns: 3849, Time: 00:05:36

Health: -1/32      AC:  1    Str:  8    XL:     5   Next: 94%
Magic:  8/8        EV: 13    Int: 17    God:
Gold:   195        SH:  0    Dex: 13    Spells: 5/8 levels left

rFire    . . .     SeeInvis .   n - +2 spear (venom)
rCold    . . .     Gourm    .   (no shield)
rNeg     . . .     Faith    .   (helmet restricted)
rPois    .         Spirit   .   (no amulet)
rElec    .         Reflect  .   (no ring)
rCorr    .         Harm     .   (no ring)
MR       .....                  (no ring)
Stlth    +++.......             (no ring)
HPRegen  0.10/turn              (no ring)
MPRegen  0.11/turn              (no ring)
                                (no ring)
                                (no ring)

@: no status effects
A: almost no armour, stealthy swim, amphibious, 8 rings, constrict 8, camouflage
1, gelatinous body 1
a: no special abilities


You were on level 5 of the Dungeon.
You were not hungry.

You visited 1 branch of the dungeon, and saw 5 of its levels.

You collected 195 gold pieces.

Inventory:

Hand Weapons
 n - a +2 spear of venom (weapon)
Missiles
 b - 128 stones (quivered)
Wands
 i - a wand of disintegration (12)
Scrolls
 d - 2 scrolls of identify
 e - a scroll of teleportation
 f - a scroll of amnesia {unknown}
 j - a scroll of enchant weapon {unknown}
 k - a scroll of blinking {unknown}
 l - 2 scrolls of remove curse
Potions
 a - 2 potions of agility
 g - a potion of might
 h - a potion of heal wounds
Comestibles
 c - 2 rations


   Skills:
 * Level 0.9 Fighting
 + Level 2.1 Dodging
 - Level 2.6 Stealth
 - Level 2.0 Spellcasting
 + Level 1.0 Transmutations
 - Level 6.2 Earth Magic


You had 5 spell levels left.
You knew the following spells:

 Your Spells              Type           Power        Failure   Level  Hunger
a - Sandblast             Erth           ###...       1%          1    #......
b - Passwall              Tmut/Erth      ##......     7%          2    ###....

Your spell library contained the following spells:

 Spells                   Type           Power        Failure   Level  Hunger
 Stone Arrow              Conj/Erth      ##....       16%         3    ###....
 Lee's Rapid Deconstruct  Erth           ###.......   38%         5    ######.
 Petrify                  Tmut/Erth      ##......     41%         4    #####..


Dungeon Overview and Level Annotations

Branches:
Dungeon (5/15)
 Temple: D:4-7

Altars:
Nemelex Xobeh


Innate Abilities, Weirdness & Mutations

You cannot wear most types of armour.
You are very stealthy in the water. (Stealth+)
You are amphibious.
You can wear up to eight rings at the same time.
You can use your tentacles to constrict eight enemies at once.
Your skin changes colour to match your surroundings (Stealth+).
Your rubbery body absorbs attacks. (AC +1, EV +1)


Message History

Casting: Sandblast (safe; 1% risk of failure)
Confirm with . or Enter, or press ? or * to list all spells.
You don't know that spell.
The phantom blinks!
The phantom blinks!
There is a stone staircase leading down here.
You can't go up here!
The phantom blinks!
You climb downwards.
An adder comes into view.
Found a scroll of identify, a club and a potion of curing.
Found a stone staircase leading up.
There is a stone staircase leading up here.
The adder hisses angrily.
The adder barely misses you. The adder misses you. The adder bites you.
* * * LOW HITPOINT WARNING * * *
The adder bites you.
You die...

.............#
.............
............#
............#
#<.........###
##............
##)............
#......@.......
#.?....S.......
...............
...............
...............
#..............
##.............
#..........!..


You could see an adder.

Vanquished Creatures
  A crimson imp (D:2)
  An orc priest (D:3)
  Terence (D:3)
  A worker ant (D:2)
  An adder (D:2)
  3 oozes
  3 worms
  A dart slug (D:1)
  2 leopard geckos (D:2)
  6 orcs
  3 ball pythons
  7 bats
  4 giant cockroaches
  10 goblins
  4 hobgoblins
  2 jackals (D:3)
  3 kobolds
  2 frilled lizards
  8 rats
63 creatures vanquished.

Notes
Turn   | Place    | Note
-------+----------+-------------------------------------------
     0 | D:1      | Bapo the Octopode Earth Elementalist began the quest for
                  | the Orb.
     0 | D:1      | Reached XP level 1. HP: 11/11 MP: 3/3
   423 | D:1      | Reached XP level 2. HP: 4/17 MP: 1/5
  1171 | D:1      | Reached skill level 4 in Earth Magic
  1526 | D:2      | Reached XP level 3. HP: 13/21 MP: 6/6
  2041 | D:2      | Reached XP level 4. HP: 21/27 MP: 2/7
  2064 | D:2      | Reached skill level 5 in Earth Magic
  2506 | D:2      | Reached XP level 5. HP: 25/31 MP: 8/8
  2780 | D:3      | Learned a level 2 spell: Passwall
  2805 | D:3      | Noticed Terence
  2817 | D:3      | Killed Terence
  2897 | D:3      | Reached skill level 6 in Earth Magic
  3387 | D:3      | Found a sparkling altar of Nemelex Xobeh.
  3794 | D:4      | Noticed a phantom
  3835 | D:5      | Entered Level 5 of the Dungeon
  3848 | D:5      | HP: 1/32 [adder (5)]
  3849 | D:5      | Slain by an adder

Levels and vault maps discovered:
D:1:      psy_arrival_basics, layout_loops_ring, kennysheep_pointless_box
D:2:      layout_rooms, fountainhead
D:3:      layout_loops_ring, nicolae_overflow_hidden_temple, uniq_terence
D:4:      layout_basic, first_ration
D:5:      layout_cave_pods, kennysheep_mini_moat, uniq_sigmund, uniq_grinder,
          uniq_eustachio

Skill      XL: |  1  2  3  4  5 |
---------------+----------------+-----
Earth Magic    | 4 5 6 |  6.2
Fighting       | |  0.9
Dodging        | |  2.1
Stealth        | |  2.6
Spellcasting   | |  2.0
Transmutations | |  1.0

Action                   |  1- 3 |  4- 6 || total
-------------------------+-------+-------++-------
Melee: Unarmed           |    50 |       ||    50
       Tentacles         |    12 |    11 ||    23
       Constrict         |    17 |    21 ||    38
       Spear             |    10 |   102 ||   112
 Cast: Sandblast         |     8 |     2 ||    10
  Use: Scroll            |       |     9 ||     9
       Potion            |       |     3 ||     3
 Stab: Sleeping          |     6 |    11 ||    17
  Eat: Chunk             |     3 |     1 ||     4
       Ration            |       |     2 ||     2
Armor: Skin              |     2 |     6 ||     8
Dodge: Dodged            |    30 |    52 ||    82

Table legend:
 A = Non-vault XP
 B = Vault XP
 C = Vault XP percentage of total XP
 D = Non-vault monster count
 E = Vault monster count
 F = Vault count percentage of total count
                 A         B        C        D         E       F
            +---------+---------+-------+---------+---------+-------
      Total |     274 |      36 |  11.6 |      62 |       1 |   1.6
            +---------+---------+-------+---------+---------+-------
        D:1 |      32 |       0 |   0.0 |      17 |       0 |   0.0
        D:2 |     136 |       0 |   0.0 |      20 |       0 |   0.0
        D:3 |      89 |      36 |  28.8 |      21 |       1 |   4.5
        D:4 |      17 |       0 |   0.0 |       4 |       0 |   0.0
            +---------+---------+-------+---------+---------+-------
